 Dungeon Crawl Stone Soup version 0.27-a0-249-g74f53ef629 (webtiles) character file.

Game seed: 5885000812876503787

7331 dolemite99 the Carver (level 10, -3/85 HPs)
             Began as a Demonspawn Fighter on Feb 4, 2021.
             Was a Believer of Yredelemnul.
             Slain by a great orb of eyes (9 damage)
             ... on level 10 of the Dungeon.
             The game lasted 00:16:31 (15532 turns).

dolemite99 the Carver (Demonspawn Fighter)         Turns: 15532, Time: 00:16:32

Health: -3/85      AC: 16    Str: 27    XL:     10   Next: 90%
Magic:  10/10      EV:  7    Int:  9    God:    Yredelemnul [**....]
Gold:   268        SH:  0    Dex: 12    Spells: 9/9 levels left

rFire    . . .     SeeInvis +   a - +2 long sword
rCold    . . .     Faith    .   (no shield)
rNeg     . . .     Spirit   .   n - +1 plate armour (curse)
rPois    .         Reflect  +   (helmet restricted)
rElec    .         Harm     .   (no cloak)
rCorr    .         Rampage  .   (no gloves)
Will     .....                  t - +0 pair of boots
Stlth    ..........             C - amulet of reflection
HPRegen  0.24/turn              m - +6 ring of strength
MPRegen  0.12/turn              F - ring of see invisible

@: confused, berserk cooldown, slowed, very slow
A: antennae 1, yellow scales 2, powered by pain 1, demonic magic 1
a: Renounce Religion, Animate Remains, Recall Undead Slaves, Injury Mirror


You were on level 10 of the Dungeon.
You worshipped Yredelemnul.
Yredelemnul was pleased with you.
You visited 1 branch of the dungeon, and saw 10 of its levels.

You collected 473 gold pieces.
You spent 205 gold pieces at shops.

Inventory:

Hand Weapons
 a - a +2 long sword (weapon)
 b - a +0 dagger of venom
 f - a +2 dagger of protection
 L - a +0 rapier of flaming
Missiles
 l - 456 stones
 q - 22 arrows
 y - 13 poisoned darts (quivered)
 A - 11 boomerangs
 E - 39 bolts
 M - 22 sling bullets
Armour
 c - a +0 kite shield
 n - a cursed +1 plate armour (worn)
 t - a +0 pair of boots (worn)
Jewellery
 m - a +6 ring of strength (left hand)
 C - an amulet of reflection (around neck)
 F - a ring of see invisible (right hand)
 G - a +6 ring of intelligence
Wands
 s - a wand of random effects (18)
 K - a wand of digging (5)
 N - a wand of acid (6)
Scrolls
 e - 9 scrolls of remove curse {@r2}
 i - 2 scrolls of magic mapping
 p - a scroll of amnesia
 r - 5 scrolls of teleportation
 J - 5 scrolls of identify {@r1}
Potions
 g - a potion of brilliance
 h - 2 potions of cancellation
 k - a potion of magic
 x - 3 potions of flight
 z - a potion of attraction
 D - a potion of resistance


   Skills:
 + Level 10.3 Fighting
 - Level 12.4 Long Blades
 - Level 2.6 Armour
 - Level 2.6 Shields


You had 9 spell levels left.
You didn't know any spells.
Your spell library contained the following spells:

 Spells                   Type           Power        Failure   Level
 Poisonous Vapours        Pois/Air       0%           100%        2
 Conjure Flame            Conj/Fire      0%           100%        3
 Mephitic Cloud           Conj/Pois/Air  0%           100%        3
 Freezing Cloud           Conj/Ice/Air   0%           100%        6


Dungeon Overview and Level Annotations

Branches:
Dungeon (10/15)            Temple (0/1) D:7
   Lair: D:8-11         Orc: D:9-12

Altars:
Elyvilon
Gozag
Okawaru
Trog
Vehumet
Yredelemnul

Shops:
D:7 *

Portals:
Trove: D:10 (give 7 scrolls of blinking)


Innate Abilities, Weirdness & Mutations

You have a pair of small antennae on your head.
You are mostly covered in yellow scales. (AC +3)
You sometimes gain a little power by taking damage.
Spells you cast may paralyse adjacent enemies.


Message History

You feel yourself slow down. The great orb of eyes bites you!
You bump into the rock wall.
The great orb of eyes bites you.
You hit the great orb of eyes.
The great orb of eyes is severely wounded.
The great orb of eyes bites you but does no damage.
The great orb of eyes gazes at you.
Your mind is blasted!
* * * LOW HITPOINT WARNING * * *
You hit the great orb of eyes but do no damage.
The great orb of eyes is severely wounded.
The great orb of eyes gazes at you.
You struggle to resist.
You bump into the rock wall.
The great orb of eyes bites you.
* * * LOW HITPOINT WARNING * * *
You are more confused.
You feel invigorated. The great orb of eyes bites you.
* * * LOW HITPOINT WARNING * * *
The great orb of eyes bites you!
You die...
Your body rises from the dead as a mindless zombie.

..........##+#O{#O# ....
#####.....# #o.#.# ...#
#.##### #.###########...##
#####.....#
#..##.............
..........##
#####......G.K....
...........# ##.G##########
#########..# #..#
.........##########..######
..............@GK..........
###########################


You could see a great orb of eyes and a kobold.

Vanquished Creatures
  An ogre mage (D:10)
  An ugly thing (D:9)
  A centaur zombie (D:10)
  Joseph (D:7)
  A gargoyle (D:8)
  3 trolls
  A spriggan (D:9)
  6 yaks (D:9)
  A black bear (D:9)
  Duvessa (D:7)
  3 orc warriors
  3 sky beasts
  3 centaurs
  2 ogres (D:8)
  A phantom (D:7)
  4 bullfrogs
  A gnoll sergeant (D:9)
  A wyvern zombie (D:9)
  Dowan (D:7)
  3 scorpions
  12 killer bees
  3 bullfrog zombies (D:8)
  6 hounds
  5 orc priests
  2 bullfrog skeletons (D:5)
  3 iguanas
  A centaur skeleton (D:8)
  6 orc wizards
  Natasha (thrice) (D:3)
  5 worker ants
  3 worker ant zombies
  8 gnolls
  11 adders
  3 shadow imps (D:6)
  2 white imps
  2 oozes
  An adder skeleton (D:5)
  A worm (D:3)
  2 dart slugs
  4 leopard geckos
  31 orcs
  8 bats
  4 giant cockroaches
  6 goblins
  8 hobgoblins
  9 jackals
  3 quokkas
  2 ball pythons (D:3)
  6 frilled lizards
  5 kobolds
  9 rats
213 creatures vanquished.

Vanquished Creatures (others)
  12 plants (D:5)
12 creatures vanquished.

Grand Total: 225 creatures vanquished

Notes
Turn   | Place    | Note
-------+----------+-------------------------------------------
     0 | D:1      | dolemite99 the Demonspawn Fighter began the quest for the
                  | Orb.
     0 | D:1      | Reached XP level 1. HP: 18/18 MP: 1/1
   131 | D:1      | Reached skill level 2 in Long Blades
   201 | D:1      | Gained mutation: Spells you cast may paralyse adjacent
                  | enemies. [demonic ancestry]
   201 | D:1      | Reached XP level 2. HP: 20/24 MP: 2/2
   691 | D:1      | Reached skill level 3 in Long Blades
   991 | D:2      | Gained mutation: You are partially covered in yellow
                  | scales. (AC +2) [demonic ancestry]
   991 | D:2      | Reached XP level 3. HP: 28/29 MP: 3/3
  1692 | D:2      | Reached skill level 4 in Long Blades
  1692 | D:2      | Reached XP level 4. HP: 29/35 MP: 4/4
  2897 | D:3      | Found a bloodstained altar of Trog.
  3134 | D:3      | Noticed Natasha
  3145 | D:3      | Killed Natasha
  3146 | D:3      | Gained mutation: You sometimes gain a little power by
                  | taking damage. [demonic ancestry]
  3146 | D:3      | Reached XP level 5. HP: 38/41 MP: 5/5
  3205 | D:3      | Reached skill level 5 in Long Blades
  3638 | D:3      | Noticed Natasha
  3648 | D:3      | Killed Natasha
  3680 | D:3      | Noticed Natasha
  3697 | D:3      | Killed Natasha
  3976 | D:4      | Reached XP level 6. HP: 18/47 MP: 6/6
  4302 | D:4      | Reached skill level 6 in Long Blades
  4562 | D:4      | Found an opulent altar of Gozag.
  4562 | D:4      | Found an iron altar of Okawaru.
  4562 | D:4      | Found a basalt altar of Yredelemnul.
  4570 | D:4      | Became a worshipper of Yredelemnul the Dark
  5138 | D:5      | Entered Level 5 of the Dungeon
  5623 | D:5      | Reached skill level 7 in Long Blades
  5623 | D:5      | Reached XP level 7. HP: 46/52 MP: 7/7
  6378 | D:5      | Reached skill level 8 in Long Blades
  7782 | D:6      | Found a white marble altar of Elyvilon.
  7865 | D:6      | Reached * piety under Yredelemnul
  8230 | D:7      | Noticed Duvessa
  8230 | D:7      | Noticed Dowan
  8230 | D:7      | Noticed Joseph
  8297 | D:7      | Gained mutation: You are mostly covered in yellow scales.
                  | (AC +3) [demonic ancestry]
  8297 | D:7      | Reached XP level 8. HP: 36/58 MP: 8/8
  8301 | D:7      | Reached skill level 9 in Long Blades
  8440 | D:7      | Found Qiaggah's Assorted Antiques.
  8449 | D:7      | Bought a glowing purple potion for 23 gold pieces
  8449 | D:7      | Bought a scroll of identify for 52 gold pieces
  8452 | D:7      | Bought a glowing dagger for 130 gold pieces
  8500 | D:7      | Killed Duvessa
  8505 | D:7      | Killed Dowan
  8534 | D:7      | Killed Joseph
  8535 | D:7      | Reached skill level 10 in Long Blades
  8906 | D:7      | Found a staircase to the Ecumenical Temple.
  9423 | D:8      | Reached XP level 9. HP: 63/63 MP: 9/9
  9582 | D:8      | Reached skill level 11 in Long Blades
 10354 | D:8      | Reached ** piety under Yredelemnul
 10468 | D:8      | Noticed a gargoyle
 10595 | D:8      | Killed a gargoyle
 10596 | D:8      | Reached skill level 12 in Long Blades
 11042 | D:8      | Found a radiant altar of Vehumet.
 11366 | D:9      | Noticed a troll
 11384 | D:9      | Killed a troll
 11469 | D:9      | Reached skill level 5 in Fighting
 11480 | D:9      | Gained mutation: You have a pair of small antennae on your
                  | head. [demonic ancestry]
 11480 | D:9      | Reached XP level 10. HP: 52/74 MP: 10/10
 11980 | D:9      | Noticed a brown ugly thing
 11999 | D:9      | Killed a brown ugly thing
 13690 | D:10     | Entered Level 10 of the Dungeon
 14537 | D:10     | Found a portal to a secret trove of treasure.
 14643 | D:10     | Noticed a tengu reaver
 14643 | D:10     | Noticed a great orb of eyes
 14643 | D:10     | Noticed an ogre mage
 14664 | D:10     | Killed an ogre mage
 15323 | D:10     | Reached skill level 10 in Fighting
 15499 | D:10     | Paralysed by a great orb of eyes for 7 turns
 15532 | D:10     | Slain by a great orb of eyes

Illustrated notes

Levels and vault maps discovered:
D:1:      psy_arrival_radial02, layout_rooms
D:2:      minmay_razor_zed, layout_basic, grunt_ministairs_14,
          kennysheep_generic_room_12
D:3:      layout_loops_ring, lemuel_round_altar, minmay_distorted, uniq_natasha
D:4:      layout_basic, gammafunk_temple_overflow_claw
D:5:      layout_basic, serial_bayou, serial_bayou_pond_d, serial_bayou_pond_b,
          serial_bayou_pond_c, serial_bayou_pond_e, minmay_misc_feat_doors
D:6:      layout_rooms, kennysheep_mini, abandoned_shop, grunt_ministairs_15,
          minmay_splitting_lines, minmay_misc_feat_x
D:7:      layout_rooms, minmay_temple_entry_drinking_statues, serial_shops,
          shop, uniq_duvessa, uniq_joseph
D:8:      layout_basic, kennysheep_mini_moat, serial_glass, glass_columns_a,
          glass_columns_a, glass_columns_c, minmay_strange_pillars,
          item_on_display_a, minmay_strange_pillars, item_on_display_b,
          amcnicky_mini_pool_medium
D:9:      layout_basic, the_bakery
D:10:     layout_long_grid, trove_entry_hex_spiral, wad_scary_box, uniq_fannar

Skill      XL: |  1  2  3  4  5  6  7  8  9 10 |
---------------+-------------------------------+-----
Long Blades    | 2 3 4 5 7 8 10 12 | 12.4
Fighting       | 5 10 | 10.3
Armour         | |  2.6
Shields        | |  2.6

Action                   |  1- 3 |  4- 6 |  7- 9 | 10-12 || total
-------------------------+-------+-------+-------+-------++-------
Melee: Long sword        |   109 |   249 |   225 |   111 ||   694
       Dagger            |       |       |   173 |   139 ||   312
Throw: Throwing net      |     1 |       |       |       ||     1
       Stone             |       |    33 |    16 |       ||    49
       Dart              |       |       |     4 |    40 ||    44
  Use: Scroll            |       |    12 |    13 |     4 ||    29
       Potion            |       |     1 |    10 |     7 ||    18
 Stab: Invisible         |       |       |     5 |       ||     5
       Distracted        |       |       |     1 |       ||     1
Armor: Scale mail        |    79 |       |       |       ||    79
       Chain mail        |    17 |   132 |    28 |       ||   177
       Plate armour      |       |       |   200 |    87 ||   287
Dodge: Dodged            |    67 |    91 |    94 |    50 ||   302
Block: Other             |       |    10 |    68 |    43 ||   121
       Reflection        |       |       |     1 |       ||     1
       Rpst.: Long sword |    25 |    25 |    16 |     3 ||    69

Table legend: (Time is in decaauts)
 A = Elapsed time spent in this place.
 B = Non-inter-level travel time spent in this place.
 C = Inter-level travel time spent in this place.
 D = Time resting spent in this place.
 E = Time spent auto-exploring this place.
 F = Levels seen in this place.
 G = Mean time per level.
                   A        B        C        D        E       F      G
               +--------+--------+--------+--------+--------+-----+--------+
         Total |  15412 |  15119 |    293 |   6533 |   5871 |  10 | 1541.2 |
       Dungeon |  15412 |  15119 |    293 |   6533 |   5871 |  10 | 1541.2 |
               +--------+--------+--------+--------+--------+-----+--------+

Top non-repeatable levels by time:
     D:9: 2537 daAuts
     D:8: 1857 daAuts
     D:5: 1817 daAuts
     D:3: 1793 daAuts
    D:10: 1792 daAuts
     D:2: 1539 daAuts
     D:6: 1324 daAuts
     D:4: 1024 daAuts
     D:7: 881 daAuts
     D:1: 844 daAuts
